 Dungeon Crawl Stone Soup version 0.28.0 (webtiles) character file.

Game seed: 11647710066619573571

913 KamiKatze the Shield-Bearer (level 8, -3/42 HPs)
             Began as a Vine Stalker Fighter on Feb 6, 2022.
             Killed by divine providence
             ... invoked by an orc priest
              (13 damage)
             ... on level 5 of the Dungeon.
             The game lasted 00:11:43 (3557 turns).

KamiKatze the Shield-Bearer (Vine Stalker Fighter)  Turns: 3557, Time: 00:11:43

Health: -3/42      AC: 10    Str: 21    XL:     8   Next: 9%
Magic:  0/9        EV: 10    Int:  8    God:
Gold:   191        SH:  5    Dex: 14    Spells: 7/7 levels left

rFire   . . .      SeeInvis +   a - +0 rapier
rCold   . . .      Faith    .   c - +0 buckler
rNeg    . . .      Spirit   +   b - +0 scale mail
rPois   .          Reflect  .   m - +0 helmet
rElec   .          Harm     .   (no cloak)
rCorr   .          Rampage  .   i - +0 pair of gloves
Will    +....                   h - +0 pair of boots
Stlth   ..........              (no amulet)
HPRegen 0.94/turn               f - ring of see invisible
MPRegen 0.11/turn               (no ring)

@: attractive
A: fangs 3, regeneration 1, magic shield, antimagic bite, no potion heal 2
a: no special abilities


You were on level 5 of the Dungeon.
You visited 1 branch of the dungeon, and saw 5 of its levels.

You collected 191 gold pieces.

Inventory:

Hand Weapons
 a - a +0 rapier (weapon)
Missiles
 e - 86 stones (quivered)
Armour
 b - a +0 scale mail (worn)
 c - a +0 buckler (worn)
 h - a +0 pair of boots (worn)
 i - a +0 pair of gloves (worn)
 m - a +0 helmet (worn)
 u - a +0 plate armour
Jewellery
 d - a ring of protection from cold
 f - a ring of see invisible (left hand)
Wands
 p - a wand of digging (5)
Scrolls
 j - a scroll of blinking {unknown}
 k - a scroll of vulnerability {unknown}
 r - a scroll of identify {unknown}
 t - 2 scrolls of teleportation {unknown}
Potions
 g - a potion of attraction
 n - a potion of mutation {unknown}
 o - 2 potions of brilliance {unknown}
 q - 4 potions of curing
 s - a potion of cancellation {unknown}


   Skills:
 + Level 4.1 Fighting
 * Level 4.6 Short Blades
 + Level 3.7 Armour
 + Level 2.4 Dodging
 * Level 5.0 Shields


You had 7 spell levels left.
You didn't know any spells.
Your spell library contained the following spells:

 Spells                   Type           Power      Damage    Failure   Level
 Tukima's Dance           Hex            0%         N/A       99%         3
 Passage of Golubria      Tloc           0%         N/A       100%        4
 Blade Hands              Tmut           0%         N/A       100%        5
 Irradiate                Conj/Tmut      0%         3d13      100%        5
 Yara's Violent Unravell  Hex/Tmut       0%         3d3       100%        5
 Dragon Form              Tmut           0%         N/A       100%        7


Dungeon Overview and Level Annotations

Branches:
Dungeon (5/15)
 Temple: D:4-7

Altars:
Kikubaaqudgha

Annotations:
D:2 1 runed translucent door, exclusion: door, Crazy Yiuf


Innate Abilities, Weirdness & Mutations

You have razor-sharp teeth.
Your natural rate of healing is unusually fast.
When hurt, damage is shared between your health and your magic reserves.
Your bite disrupts and absorbs the magic of your enemies.
Potions cannot restore your health.


Message History

Unknown command.
The gnoll hits you but does no damage.
There is an open door here.
The gnoll throws a throwing net.
You block the throwing net.
You see here a throwing net.
There's a creature in the doorway!
Okay, then.
Unknown command.
It was a potion of attraction.
You feel attractive to monsters. You block the scorpion's attack.
The scorpion stings you but does no damage.
The gnoll is attracted toward you. x3; The orc priest is attracted toward you.
Unknown command.
It was a potion of heal wounds.
That seemed strangely inert.
The gnoll closely misses you. The scorpion closely misses you.
The orc priest is attracted toward you.
Unknown command.
The gnoll closely misses you.
Found 22 stones and 10 sling bullets.
The gnoll hits you from afar with a +0 spear.
* * * LOW HITPOINT WARNING * * *
The orc priest casts a cantrip, but nothing happens.
The gnoll is attracted toward you. The gnoll hits you but does no damage.
A gnoll opens the door.
The orc priest is attracted toward you.
The orc priest invokes the aid of Beogh against you.
Beogh smites you!
* * * LOW HITPOINT WARNING * * *
You block the scorpion's attack. The orc priest is attracted toward you.
The orc priest looks encouraged for a moment.
The gnoll is attracted toward you. The orc priest is attracted toward you.
An orc priest opens the door.
The orc priest is attracted toward you.
You see here 22 stones.
The scorpion barely misses you.
The orc priest looks satisfied for a moment.
The orc priest is attracted toward you.
The orc priest mumbles some strange prayers to Beogh against you.
Beogh smites you!
You die...

#.......# .#.g +.......#
. ..g #.......# #.#.#
#.......# #.#.##
+.......####+#+
(....####+..............
###.........go..........
..#.$.....§o.g(s........
.....(§....##+##@.......
..##'#'##'## ##.......
.<§o.# # ....... ...#.#
....... ....... .......
.....#.# .......
.#.#.#.# ....... .#.#.#
# ....... .#.#..


You could see a scorpion, 2 orc priests and 2 gnolls.

Vanquished Creatures
  Sigmund (D:2)
  An ogre (D:4)
  A gnoll sergeant (D:5)
  2 scorpions
  A howler monkey (D:4)
  A hound (D:4)
  A jelly (D:4)
  A bullfrog skeleton (D:3)
  Jessica (D:2)
  4 orc wizards (D:4)
  Robin (D:2)
  8 gnolls
  4 adders
  An ufetubus (D:4)
  An adder zombie (D:5)
  2 worms
  2 dart slugs
  8 orcs
  5 endoplasms
  14 goblins
  12 hobgoblins
  10 jackals
  3 quokkas
  7 ball pythons
  5 bats
  3 frilled lizards
  6 kobolds
  5 rats
111 creatures vanquished.

Vanquished Creatures (others)
  A fungus (D:2)
1 creature vanquished.

Grand Total: 112 creatures vanquished

Notes
Turn   | Place    | Note
-------+----------+-------------------------------------------
     0 | D:1      | KamiKatze the Vine Stalker Fighter began the quest for the
                  | Orb.
     0 | D:1      | Reached XP level 1. HP: 11/11 MP: 2/2
    93 | D:1      | Reached XP level 2. HP: 14/16 MP: 3/3
   121 | D:1      | Found a faded altar of an unknown god.
   479 | D:2      | Reached skill level 3 in Shields
   479 | D:2      | Reached XP level 3. HP: 19/19 MP: 4/4
   512 | D:2      | Noticed Sigmund
   535 | D:2      | Killed Sigmund
   536 | D:2      | Reached skill level 1 in Dodging
   536 | D:2      | Gained mutation: Your natural rate of healing is unusually
                  | fast. [Vine Stalker growth]
   536 | D:2      | Reached XP level 4. HP: 24/24 MP: 5/5
   536 | D:2      | Reached XP level 5. HP: 28/28 MP: 6/6
   643 | D:2      | Reached XP level 6. HP: 30/32 MP: 5/7
   769 | D:2      | Noticed Robin
   867 | D:2      | Killed Robin
   979 | D:2      | Noticed Jessica
   983 | D:2      | Killed Jessica
   984 | D:2      | Reached skill level 4 in Shields
  1125 | D:2      | Found a runed translucent door.
  1126 | D:2      | Noticed Crazy Yiuf
  1808 | D:3      | Reached XP level 7. HP: 23/36 MP: 4/8
  1978 | D:3      | Found an ancient bone altar of Kikubaaqudgha.
  3456 | D:5      | Entered Level 5 of the Dungeon
  3477 | D:5      | Gained mutation: You have razor-sharp teeth. [Vine Stalker
                  | growth]
  3477 | D:5      | Reached XP level 8. HP: 25/42 MP: 6/9
  3526 | D:4      | Reached skill level 5 in Shields
  3557 | D:5      | Killed from afar by an orc priest

Illustrated notes

Levels and vault maps discovered:
D:1:      wander_arrival_fairy_ring, layout_rooms, ebering_ecumenical_altar_hall
D:2:      layout_basic, uniq_sigmund, uniq_robin, uniq_jessica,
          uniq_crazy_yiuf_cottage
D:3:      layout_basic, mainiacjoe_overflow_tiny_flanked,
          chequers_serial_rivers_micro_c, nicolae_figureground_sparkle
D:4:      layout_loops_ring, kennysheep_boxes
D:5:      layout_basic

Skill      XL: |  1  2  3  4  5  6  7  8 |
---------------+-------------------------+-----
Short Blades   | 2 3 4 |  4.6
Shields        | 3 4 5 |  5.0
Fighting       | 3 4 |  4.1
Dodging        | 1 2 |  2.4
Armour         | 3 |  3.7

Action                   |  1- 3 |  4- 6 |  7- 9 || total
-------------------------+-------+-------+-------++-------
Melee: Rapier            |    63 |   141 |   158 ||   362
       Bite              |    12 |    33 |    51 ||    96
Throw: Stone             |       |     4 |       ||     4
  Use: Potion            |     1 |       |     2 ||     3
Armor: Scale mail        |    20 |    60 |    88 ||   168
Dodge: Dodged            |    26 |    73 |    76 ||   175
Block: Buckler           |    10 |    40 |    47 ||    97
